 Dungeon Crawl Stone Soup version 0.30-a0-779-g7971cf19c3 (webtiles) character file.

Game seed: 2764806019931241309

28 Wobber the Insei (level 3, 0/23 HPs)
             Began as an Octopode Transmuter on Feb 17, 2023.
             Slain by a gnoll
             ... wielding a +0 whip
              (5 damage)
             ... on level 2 of the Dungeon.
             The game lasted 00:02:19 (990 turns).

Wobber the Insei (Octopode Transmuter)               Turns: 990, Time: 00:02:19

Health: 0/23       AC:  1    Str:  9    XL:     3   Next: 12%
Magic:  3/6        EV: 13    Int: 15    God:
Gold:   84         SH:  0    Dex: 14    Spells: 3/6 levels left

rFire   . . .      SeeInvis .      - Unarmed
rCold   . . .      Faith    .    (no shield)
rNeg    . . .      Spirit   .    (helmet currently unavailable)
rPois   .          Reflect  .    (no amulet)
rElec   .          Harm     .    e - ring of willpower
rCorr   .          Rampage  .    (no ring)
Will    +....                    (no ring)
Stlth   ++                       (no ring)
HPRegen 0.23/turn                (no ring)
MPRegen 0.10/turn                (no ring)
                                 (no ring)
                                 (no ring)

@: appendages, wereblooded
A: tentacle spike 3, almost no armour, amphibious, 8 rings, camouflage 1,
gelatinous body 1, (nimble swimmer 1), tentacles
a: End Transformation


You were on level 2 of the Dungeon.
One of your tentacles had grown a beastly spike.
You visited 1 branch of the dungeon, and saw 2 of its levels.

You collected 84 gold pieces.

Inventory:

Jewellery
 e - a ring of willpower (left tentacle)
Scrolls
 c - a scroll of blinking {unknown}
 f - 2 scrolls of noise {unknown}
 g - a scroll of teleportation {unknown}
Potions
 a - a potion of lignification
 b - a potion of curing
 d - 2 potions of mutation
 h - a potion of attraction


   Skills:
 - Level 1.0 Fighting
 + Level 2.1 Dodging
 - Level 3.0 Unarmed Combat
 + Level 2.3 Spellcasting
 * Level 2.5 Transmutations
 * Level 1.4 Ice Magic


You had 3 spell levels left.
You knew the following spells:

 Your Spells              Type           Power      Damage    Failure   Level
a - Beastly Appendage     Tmut           18%        N/A       8%          1
b - Wereblood             Tmut           9%         N/A       12%         2

Your spell library contained the following spells:

 Spells                   Type           Power      Damage    Failure   Level
 Ensorcelled Hibernation  Hex/Ice        6%         N/A       24%         2
 Spider Form              Tmut/Pois      5%         N/A       36%         3
 Ice Form                 Ice/Tmut       7%         N/A       67%         4
 Anguish                  Hex/Necr       0%         N/A       91%         4


Dungeon Overview and Level Annotations

Branches:
Dungeon (2/15)

Altars:


Innate Abilities, Weirdness & Mutations

One of your tentacles has grown a beastly spike.
You cannot wear most types of armour.
You are amphibious.
You can wear up to eight rings at the same time.
Your skin changes colour to match your surroundings (Stealth+).
Your rubbery body absorbs attacks. (AC +1, EV +1)
((You are camouflaged when in or above water. (Stealth+)))
You have tentacles for arms and can constrict up to eight enemies at once.


Message History

One of your tentacles grows a vicious spike.
The gnoll shouts! x2
You climb upwards.
There is a stone staircase leading down here.
You tentacle-slap the gnoll. You grab the gnoll. You squeeze the gnoll!
The gnoll is almost dead.
Your transformation is almost over.
You constrict the gnoll. The gnoll misses you.
You tentacle-slap the gnoll.
You kill the gnoll!
You have reached level 3!
Your experience leads to an increase in your attributes!
Increase (S)trength, (I)ntelligence, or (D)exterity?
You feel agile. x2
You start resting.
Your tentacle spike disappears.
Magic restored.
Casting: Beastly Appendage (safe; 8% risk of failure)
Confirm with . or Enter, or press ? or * to list all spells.
Your blood is infused with primal strength.
Casting: Wereblood (safe; 12% risk of failure)
Confirm with . or Enter, or press ? or * to list all spells.
One of your tentacles grows a vicious spike.
You climb downwards.
The gnoll hits you with a +0 dagger of holy wrath!
The gnoll hits you with a +0 whip! The gnoll barely misses you.
The gnoll misses you.
A gnoll comes into view. It is wielding a +0 spear.
There is a stone staircase leading up, spattered with blood here.
The gnoll shouts!
You tentacle-slap the gnoll. You grab the gnoll.
You tentacle-slap the gnoll, but do no damage.
The gnoll is moderately wounded.
You constrict the gnoll. The gnoll barely misses you.
The gnoll hits you with a +0 dagger of holy wrath.
* * * LOW HITPOINT WARNING * * *
You tentacle-slap the gnoll.
The gnoll is severely wounded.
You constrict the gnoll. The gnoll hits you with a +0 whip.
You die...

.g# #.# #.# #.# #.# #.#
###.##.# # #.#
.##.##.#######.#.##
.##..........#..@g##
.##.##.#...g.....g.##
.##......[##........###
)##..#................#
.##..#...)##........#.#
..........(........##.#
###..#.<..##......###.#
.....#.#.........## #.#
####.#.####.....# #.#


You could see 3 gnolls.

Vanquished Creatures
  A gnoll (D:1)
  A worm (D:2)
  2 ball pythons (D:1)
  A bat (D:1)
  2 endoplasms (D:1)
  A giant cockroach (D:1)
  3 frilled lizards
  4 kobolds
  A rat (D:1)
16 creatures vanquished.

Notes
Turn   | Place    | Note
-------+----------+-------------------------------------------
     0 | D:1      | Wobber the Octopode Transmuter began the quest for the Orb.
     0 | D:1      | Reached XP level 1. HP: 13/13 MP: 3/3
   460 | D:1      | Reached XP level 2. HP: 17/18 MP: 3/5
   490 | D:1      | Learned a level 2 spell: Wereblood
   526 | D:1      | Reached skill level 1 in Ice Magic
   971 | D:1      | Reached XP level 3. HP: 23/23 MP: 4/6
   990 | D:2      | Slain by a gnoll

Illustrated notes

Levels and vault maps discovered:
D:1:      minmay_arrival_widening_spiral_wide, layout_loops_cross
D:2:      layout_loops_ring, serial_shops, nicolae_shop_statue_plus, basic_altar

Skill      XL: |  1  2 |
---------------+-------+-----
Ice Magic      | 1 |  1.4
Fighting       | |  1.0
Dodging        | |  2.1
Unarmed Combat | |  3.0
Spellcasting   | |  2.3
Transmutations | |  2.5

Action                     || total
---------------------------++-------
  Melee: Unarmed           ||    39
         Constrict         ||    12
         Kick              ||     7
         Tentacles         ||     6
         Punch             ||     4
   Cast: Beastly Appendage ||    12
         Wereblood         ||     2
    Use: Scroll            ||     3
   Stab: Sleeping          ||     4
 Armour: Skin              ||     4
  Dodge: Dodged            ||    24

Table legend: (Time is in decaauts)
 A = Elapsed time spent in this place.
 B = Non-inter-level travel time spent in this place.
 C = Inter-level travel time spent in this place.
 D = Time resting spent in this place.
 E = Time spent auto-exploring this place.
 F = Levels seen in this place.
 G = Mean time per level.
                   A        B        C        D        E       F      G
               +--------+--------+--------+--------+--------+-----+--------+
         Total |    989 |    955 |     34 |     14 |    778 |   2 |  494.5 |
       Dungeon |    989 |    955 |     34 |     14 |    778 |   2 |  494.5 |
               +--------+--------+--------+--------+--------+-----+--------+

Top non-repeatable levels by time:
     D:1: 829 daAuts
     D:2: 160 daAuts
